 Dungeon Crawl Stone Soup version 0.19.1 (webtiles) character file.

41 balthal the Vexing (level 3, -2/35 HPs)
             Began as an Ogre Arcane Marksman on Dec 11, 2016.
             Slain by a hobgoblin (5 damage)
             ... led by Robin
             ... on level 2 of the Dungeon.
             The game lasted 00:03:19 (1091 turns).

balthal the Vexing (Ogre Arcane Marksman)           Turns: 1091, Time: 00:03:20

Health: -2/35      AC:  3    Str: 16    XL:     3   Next: 52%
Magic:  4/4        EV: 10    Int: 12    God:
Gold:   55         SH:  0    Dex: 10    Spells: 2 memorised, 1 level left

rFire  . . .     SeeInvis .     d - +0 spear
rCold  . . .     Gourm    .     e - +0 robe
rNeg   . . .     Faith    .     (no shield)
rPois  .         Spirit   .     (helmet restricted)
rElec  .         Reflect  .     (no cloak)
rCorr  .         Harm     .     (gloves unavailable)
MR     .....                    (boots unavailable)
Stlth  +.........               (no amulet)
                                (no ring)
                                (no ring)

@: no status effects
A: unfitting armour, tough skin 1
a: no special abilities


You were on level 2 of the Dungeon.
You were hungry.

You visited 1 branch of the dungeon, and saw 2 of its levels.

You collected 55 gold pieces.

Inventory:

Hand Weapons
 a - a +0 hand crossbow
 d - a +0 spear (weapon)
Armour
 e - a +0 robe (worn)
Scrolls
 b - 2 scrolls of enchant armour {unknown}
 g - a scroll of amnesia {unknown}
 h - a scroll of blinking {unknown}
 i - a scroll of recharging {unknown}
 l - a scroll of teleportation {unknown}
 n - a scroll of identify {unknown}
Potions
 j - 2 potions of degeneration {unknown}
 k - a potion of resistance {unknown}
 m - a potion of agility {unknown}
Books
 c - a book of Debilitation

   Spells                             Type                      Level
   a - Corona                         Hexes                        1
   b - Slow                           Hexes                        2
   c - Gell's Gravitas                Hexes/Translocation          3
   d - Inner Flame                    Hexes/Fire                   3
   e - Cause Fear                     Hexes                        4
   f - Leda's Liquefaction            Hexes/Earth                  4
Comestibles
 f - a bread ration


   Skills:
 + Level 1.8 Fighting
 + Level 2.3 Crossbows
 + Level 1.9 Dodging
 + Level 0.1 Stealth
 + Level 1.2 Spellcasting
 + Level 2.4 Hexes


You had one spell level left.
You knew the following spells:

 Your Spells              Type           Power        Failure   Level  Hunger
a - Corona                Hex            #......      12%         1    ##.....
b - Slow                  Hex            #.......     17%         2    ###....


Dungeon Overview and Level Annotations

Branches:
Dungeon (2/15)

Altars:

Annotations:
D:2 Robin


Innate Abilities, Weirdness & Mutations

You are too large for most types of armour.
You have tough skin. (AC +1)


Message History

The hobgoblin hits you.
Things that are here:
a club; a hobgoblin corpse You hit the hobgoblin but do no damage.
The hobgoblin barely misses you.
You barely miss the hobgoblin. The hobgoblin closely misses you.
You hit the hobgoblin but do no damage.
Robin roars a battlecry!
The hobgoblins go into a battle-frenzy!
The hobgoblin hits you. x2
You hit the hobgoblin.
The hobgoblin is lightly wounded.
The hobgoblin barely misses you. x2; Robin hits you but does no damage.
You closely miss the hobgoblin.
The hobgoblin is lightly wounded.
The hobgoblin hits you.
* * * LOW HITPOINT WARNING * * *
Robin hits you with a club.
* * * LOW HITPOINT WARNING * * *
The hobgoblin hits you.
You die...

#.##.### #......#
#..# #.#### #..#
#....# #..###.##.#
#..g...##.###.#
#####.##.####.....#
#()gg.##[####g###.#
#g######....g@g...#
#)# ###..#g#...#
#g# #..#)##..# #g#
#..#<....# ...
#........# #..
##.###...# .#. ....
.....# # ## ##...
...g.. .. $....


You could see Robin, 2 hobgoblins and a goblin.

Vanquished Creatures
  3 dart slugs (D:1)
  A bat (D:1)
  11 goblins
  8 hobgoblins
  4 jackals (D:1)
  A frilled lizard (D:1)
28 creatures vanquished.

Notes
Turn   | Place    | Note
-------+----------+-------------------------------------------
     0 | D:1      | balthal the Ogre Arcane Marksman began the quest for the Orb.
     0 | D:1      | Reached XP level 1. HP: 19/19 MP: 2/2
    99 | D:1      | Reached XP level 2. HP: 21/27 MP: 0/3
   137 | D:1      | Learned a level 2 spell: Slow
   743 | D:1      | Reached XP level 3. HP: 22/33 MP: 4/4
   881 | D:2      | Noticed Robin
  1091 | D:2      | Slain by a hobgoblin

Skill      XL: |  1  2 |
---------------+-------+-----
Crossbows      | 2 |  2.3
Fighting       | |  1.8
Dodging        | |  1.9
Stealth        | |  0.1
Spellcasting   | |  1.2
Hexes          | |  2.4

Action                   || total
-------------------------++-------
Melee: Unarmed           ||    13
       Spear             ||     6
 Fire: Hand crossbow     ||    70
 Cast: Corona            ||     9
       Slow              ||     1
Armor: Robe              ||    28
Dodge: Dodged            ||    41
